 Dungeon Crawl Stone Soup version 0.18.1-50-g88ac8fd (webtiles) character file.

58 varam the Magician (level 3, -10/24 HPs)
             Began as a Mummy Fire Elementalist on Oct 9, 2016.
             Mangled by Sigmund
             ... wielding a +0 scythe
              (12 damage)
             ... on level 2 of the Dungeon.
             The game lasted 00:07:43 (1778 turns).

varam the Magician (Mummy Fire Elementalist)        Turns: 1778, Time: 00:07:43

Health: -10/24     AC:  2    Str: 11    XL:     3   Next: 76%
Magic:  7/7        EV: 12    Int: 15    God:
Gold:   110        SH:  0    Dex: 12    Spells: 2 memorised, 5 levels left

rFire  x . .     SeeInvis .     h - +1 short sword (venom)
rCold  + . .     Gourm    .     a - +0 robe
rNeg   + + +     Faith    .     (no shield)
rPois  ∞         Spirit   .     (no helmet)
rElec  .         Dismiss  .     (no cloak)
rCorr  .         Reflect  .     (no gloves)
SustAt .         Harm     .     (no boots)
MR     .....                    (no amulet)
Stlth  ++........               (no ring)
                                (no ring)

@: not resistant to hostile enchantments, unstealthy
A: no food or potions, fire vulnerability, cold resistance 1, negative energy
resistance 3, torment resistance, unbreathing
a: no special abilities


You were on level 2 of the Dungeon.
You were not hungry.

You visited 1 branch of the dungeon, and saw 2 of its levels.

You collected 110 gold pieces.

Inventory:

Hand Weapons
 h - a +1 short sword of venom (weapon)
Armour
 a - a +0 robe (worn)
Scrolls
 c - 3 scrolls of identify {unknown}
 d - a scroll of enchant weapon {unknown}
 e - a scroll of fear {unknown}
 f - 3 scrolls of remove curse {unknown}
 g - 2 scrolls of enchant armour {unknown}
 i - 3 scrolls of random uselessness {unknown}
 j - a scroll of magic mapping {unknown}
Books
 b - a book of Flames

   Spells                             Type                      Level
   a - Flame Tongue                   Conjuration/Fire             1
   b - Throw Flame                    Conjuration/Fire             2
   c - Conjure Flame                  Conjuration/Fire             3
   d - Inner Flame                    Hexes/Fire                   3
   e - Sticky Flame                   Conjuration/Fire             4
   f - Fireball                       Conjuration/Fire             5


   Skills:
 - Level 1.5 Dodging
 - Level 1.5 Stealth
 * Level 3.0 Spellcasting
 + Level 1.4 Conjurations
 + Level 2.9 Fire Magic


You had 5 spell levels left.
You knew the following spells:

 Your Spells              Type           Power        Failure   Level  Hunger
a - Flame Tongue          Conj/Fire      #....        12%         1    N/A
c - Throw Flame           Conj/Fire      #.....       14%         2    N/A

Dungeon Overview and Level Annotations

Branches:
Dungeon (2/15)

Altars:
Elyvilon

Annotations:
D:2 Robin, Sigmund


Innate Abilities, Weirdness & Mutations

You do not eat or drink.
Your flesh is vulnerable to fire.
You are immune to poison.
Your flesh is cold resistant.
You are immune to negative energy.
You are immune to unholy pain and torment.
You can survive without breathing.


Message History

The giant cockroach waves its antennae.
The giant cockroach waves its antennae.
The giant cockroach misses you.
The giant cockroach waves its antennae.
The giant cockroach bites you but does no damage.
Sigmund gestures wildly while chanting.
Sigmund flickers and vanishes!
Deactivating autopickup; reactivate with Ctrl-A.
The giant cockroach bites you. Robin throws the goblin at you!
Something hits you!
Ouch! That really hurt!
* * * LOW HITPOINT WARNING * * *
You hit the goblin.
The goblin is poisoned.
The goblin is heavily wounded.
The giant cockroach barely misses you. The goblin hits you but does no damage.
You puncture the goblin!
You kill the goblin!
The giant cockroach closely misses you. Something hits you!
Ouch! That really hurt!
You die...

###############
..............####
#############.##<# #.##.# #.##%#
#.##.### #########.#.†..# #####
#.........#.@..# #....
#####.........#.s..##########....
..............{.............'...†
#.###........g#....##########....
#.# #.........##.### ######....
#.###.........##.#######.........
.................................
#.##############.#######.........
#.......# #.# ############


You could see Robin and a giant cockroach.

Vanquished Creatures
  An adder (D:1)
  A worm (D:2)
  A dart slug (D:1)
  A ball python (D:1)
  2 giant cockroaches
  9 goblins
  2 hobgoblins (D:1)
  7 jackals (D:2)
  6 bats
  A giant newt (D:2)
  4 kobolds
  5 rats
40 creatures vanquished.

Notes
Turn   | Place    | Note
--------------------------------------------------------------
     0 | D:1      | varam the Mummy Fire Elementalist began the quest for the Orb.
     0 | D:1      | Reached XP level 1. HP: 13/13 MP: 3/3
   196 | D:1      | Reached XP level 2. HP: 8/19 MP: 1/5
   200 | D:1      | Learned a level 2 spell: Throw Flame
   516 | D:1      | Reached skill level 1 in Conjurations
  1054 | D:2      | Reached XP level 3. HP: 24/24 MP: 3/6
  1322 | D:2      | Found a white marble altar of Elyvilon.
  1436 | D:2      | Reached skill level 3 in Spellcasting
  1755 | D:2      | Noticed Sigmund
  1755 | D:2      | Noticed Robin
  1778 | D:2      | Mangled by Sigmund

Skill      XL: |  1  2  3 |
---------------+----------+-----
Conjurations   | 1 |  1.4
Spellcasting   | 3 |  3.0
Dodging        | |  1.5
Stealth        | |  1.5
Fire Magic     | |  2.9

Action                   || total
-------------------------++-------
Melee: Unarmed           ||     8
       Short sword       ||    21
 Cast: Flame Tongue      ||    30
       Throw Flame       ||    26
 Stab: Sleeping          ||     1
Armor: Robe              ||    27
Dodge: Dodged            ||    74
